[Event "*** Titled Tuesday Blitz"]
[Site "Chess.com"]
[Date "2019.01.01"]
[Round "3"]
[White "mishanick"]
[Black "MerdeNoms943"]
[Result "1-0"]
[WhiteElo "2989"]
[BlackElo "2256"]
[TimeControl "180+2"]
[EndTime "13:34:52 PST"]
[Termination "mishanick won by resignation"]

1. e4 e5 2. Nf3 Nc6 3. Bb5 a6 4. Ba4 Nf6 5. O-O Nxe4 6. d4 b5 7. Bb3 d5 8. dxe5 Be6 9. Nbd2 Be7 10. Nxe4 dxe4 11. Bxe6 Qxd1 12. Rxd1 fxe6 13. Nd2 Rd8 14. Kf1 Nxe5 15. Ke2 e3 16. fxe3 O-O 17. b3 Ng4 18. Nf3 Rxd1 19. Kxd1 Bf6 20. Rb1 Nf2+ 21. Ke2 Ne4 22. Bd2 Rd8 23. Ba5 Rd7 24. Nd2 Nxd2 25. Bxd2 Be5 26. h3 c5 27. c4 Kf7 28. cxb5 axb5 29.
Rc1 Rc7 30. Ba5 Rc6 31. a4 bxa4 32. bxa4 Bd6 33. Rc4 g6 34. Bc3 h5 35. a5 Ra6 36.
Ra4 Ke7 37. Kd3 Kd7 38. Kc4 Kc6 39. Ra1 Bc7 40. Rf1 Bxa5 41. Ra1 Kb6 42. Rxa5 Rxa5 43.
Bxa5+ Kxa5 44. Kxc5 Ka4 45. e4 Kb3 46. e5 Kc3 47.
Kd6 1-0

[Event "*** Titled Tuesday Blitz"]
[Site "Chess.com"]
[Date "2019.01.01"]
[Round "3"]
[White "lucasmito"]
[Black "GoingKronos"]
[Result "0-1"]
[WhiteElo "2429"]
[BlackElo "2357"]
[TimeControl "180+2"]
[EndTime "13:34:58 PST"]
[Termination "GoingKronos won by resignation"]

1. e4 e6 2. d4 d5 3. Nc3 Nf6 4. e5 Nfd7 5. f4 c5 6. Nf3 Nc6 7. Be3 cxd4 8. Nxd4 Bc5 9. Qd2 O-O 10. O-O-O a6 11.
Kb1 Nxd4 12. Bxd4 b5 13. h4 b4 14. Na4 Bxd4 15. Qxd4 a5 16. h5 Ba6 17. Bxa6 Rxa6 18. g4 Qc7 19. f5 Qxe5 20. Qd3 Rc6 21. Rhe1 Qf6 22. h6 Rfc8 23. hxg7 Qxg7 24. fxe6 fxe6 25. g5 Ne5 26. Qh3 Qg6 27. Ka1 Qxc2 28. b3 Ng6 29. Rh1 Nf4 30. Qf3 e5 31. g6 hxg6 32. Rxd5 Qc1+ 33. Rxc1 Rxc1+ 34. Kb2 0-1

[Event "*** Titled Tuesday Blitz"]
[Site "Chess.com"]
[Date "2019.01.01"]
[Round "3"]
[White "pandamaster3000"]
[Black "ChessMavenYeti"]
[Result "1/2-1/2"]
[WhiteElo "2212"]
[BlackElo "2094"]
[TimeControl "180+2"]
[EndTime "13:34:59 PST"]
[Termination "Game drawn by repetition"]

1. e4 e6 2. d4 d5 3. exd5 exd5 4. Nf3 Bd6 5. c4 dxc4 6. Bxc4 Nf6 7. O-O O-O 8. Nc3 Nc6 9. Bg5 h6 10. Bh4 Bg4 11.
Be2 a6 12. h3 Bh5 13. d5 Nb8 14.
Nd4 Bxe2 15. Qxe2 Re8 16. Qf3 Nbd7 17. Nf5 Bf8 18. Rfe1 Ne5 19. Rxe5 Rxe5 20. Nxh6+ gxh6 21. Bxf6 Qd6 22. Qg3+ Rg5 23. Qxd6 Bxd6 24. Bxg5 hxg5 25.
Re1 Kf8 26. Ne4 Be7 27. Ng3 Rd8 28. Rc1 Rxd5 29. Rxc7 Rd1+ 30. Kh2 Rd2 31. Rxb7 Rxf2 32. Ne4 Re2 33. Nc3 Bd6+ 34. Kg1 Bc5+ 35. Kh2 Bd6+ 36. Kg1 Bc5+ 37. Kh2 Bd6+ 38. Kg1 1/2-1/2

[Event "*** Titled Tuesday Blitz"]
[Site "Chess.com"]
[Date "2019.01.01"]
[Round "3"]
[White "Bryakin_Mikhail"]
[Black "Firouzja2003"]
[Result "0-1"]
[WhiteElo "2686"]
[BlackElo "2997"]
[TimeControl "180+2"]
[EndTime "13:35:00 PST"]
[Termination "Firouzja2003 won by checkmate"]

1. d4 d5 2. Nf3 Nf6 3. c4 e6 4. g3 dxc4 5. Bg2 Bd7 6. Ne5 Bc6 7.
Nxc6 Nxc6 8. e3 Qd7 9. O-O O-O-O 10. Qe2 h5 11. Qxc4 Nd5 12. b4 Bxb4 13. Bd2 Bxd2 14.
Nxd2 e5 15. Nb3 exd4 16. Nxd4 Nb6 17. Qb3 Nxd4 18. exd4 Qxd4 19. Qxf7 h4 20. Qf3 c6 21. Rad1 Qf6 22. Qg4+ Kb8 23. a4 a5 24. Rb1 Ka7 25.
Qe2 hxg3 26. hxg3 Qh6 27. Rfd1 Rxd1+ 28. Qxd1 Qf6 29. Qb3 Qd4 30. Qf7 Rh6 31. Bf3 g5 32.
Rb5 Qa1+ 33. Kg2 Qh1# 0-1

[Event "*** Titled Tuesday Blitz"]
[Site "Chess.com"]
[Date "2019.01.01"]
[Round "3"]
[White "ehrenfeld"]
[Black "maciek_92"]
[Result "0-1"]
[WhiteElo "2428"]
[BlackElo "2641"]
[TimeControl "180+2"]
[EndTime "13:35:01 PST"]
[Termination "maciek_92 won by resignation"]

1. e4 c5 2. Nf3 Nc6 3. Bb5 g6 4. Bxc6 bxc6 5. O-O Bg7 6. Re1 Rb8 7. c3 Nf6 8. e5 Nd5 9. Na3 O-O 10. d3 Nc7 11.
Nc4 Ne6 12. Be3 Ba6 13. Qd2 d5 14. exd6 exd6 15. Re2 d5 16. Nce5 Qd6 17. Bh6 f6 18.
Bxg7 Kxg7 19. Ng4 Nf4 20. Re3 h5 21. Nh6 Kxh6 22. g3 Nh3+ 23. Kg2 Ng5 24. Re2 Kg7 25. Nxg5 fxg5 26. Rae1 Rf7 27. Re6 Qd8 28. Qe3 Rxb2 29.
Qe5+ Kh7 30. Re8 Rfxf2+ 31. Kg1 Rg2+ 32. Kh1 Rxh2+ 33. Kg1 Rbg2+ 34. Kf1 Bxd3+ 35. Re2 Bxe2+ 36. Ke1 Rg1+ 37. Kd2 Bc4+ 0-1

[Event "*** Titled Tuesday Blitz"]
[Site "Chess.com"]
[Date "2019.01.01"]
[Round "3"]
[White "Diwi89"]
[Black "x-3738459472"]
[Result "1-0"]
[WhiteElo "2784"]
[BlackElo "2524"]
[TimeControl "180+2"]
[EndTime "13:35:02 PST"]
[Termination "Diwi89 won by resignation"]

1. e4 c5 2. d4 cxd4 3. c3 d3 4.
Bxd3 Nc6 5. c4 e5 6. Nf3 Bc5 7. O-O d6 8. h3 Nf6 9. Nc3 h6 10. Nd5 Nxd5 11. exd5 Nd4 12. Nd2 O-O 13. Ne4 f5 14. Nxc5 dxc5 15. f3 f4 16. Bd2 Qg5 17. Kh1 Bxh3 18. gxh3 Qg3 19. Be1 Qxh3+ 20. Kg1 Nf5 21. Qe2 Ne3 22. Bd2 Nxf1 23. Rxf1 Rae8 24. Rf2 e4 25. Bxe4 Re5 26. Bh7+ Kxh7 27. Qxe5 Rf5 28. Qe4 Kh8 29. Rg2 Rg5 30. Rxg5 hxg5 31. Be1 g4 32. Qxf4 1-0

[Event "*** Titled Tuesday Blitz"]
[Site "Chess.com"]
[Date "2019.01.01"]
[Round "3"]
[White "Qingdom"]
[Black "Babas"]
[Result "0-1"]
[WhiteElo "2170"]
[BlackElo "2263"]
[TimeControl "180+2"]
[EndTime "13:35:03 PST"]
[Termination "Babas won by resignation"]

1. d4 Nf6 2. Bg5 c5 3. d5 Ne4 4. Bf4 Qa5+ 5. c3 e6 6. f3 Nf6 7. e4 d6 8. dxe6 Bxe6 9. Bxd6 Qb6 10. Bxf8 Rxf8 11. Qc2 Nc6 12. Nd2 O-O-O 13. Bc4 Ne5 14. Bxe6+ Qxe6 15. Nh3 Nd3+ 16. Kf1 Qb6 17. b3 Qa6 18.
Kg1 g5 19. Nf2 g4 20. Nxd3 Rxd3 21. c4 Rfd8 22. Nf1 gxf3 23. gxf3 Nh5 24. h4 Qg6+ 25. Kf2 Qf6 26. Rh3 Qxa1 0-1

[Event "*** Titled Tuesday Blitz"]
[Site "Chess.com"]
[Date "2019.01.01"]
[Round "3"]
[White "patrisiii123"]
[Black "Naruto-K"]
[Result "0-1"]
[WhiteElo "2250"]
[BlackElo "2479"]
[TimeControl "180+2"]
[EndTime "13:35:03 PST"]
[Termination "Naruto-K won by resignation"]

1. e4 c5 2. Nf3 e6 3. d4 cxd4 4. Nxd4 Nf6 5. Nc3 Bb4 6. e5 Nd5 7. Qg4 Nxc3 8. Bd2 Nd5 9. Qxg7 Bxd2+ 10. Kxd2 Rf8 11. c3 a6 12. Bd3 Nc6 13. Nxc6 dxc6 14. Rad1 Qh4 15. Qg3 Qf4+ 16. Qxf4 Nxf4 17. Be4 h6 18. g3 Ng6 19. f4 Bd7 20. Ke3 O-O-O 21. Rd6 Kc7 22. Rhd1 Bc8 23. c4 c5 24. g4 Rxd6 25. exd6+ Kd7 26. f5 Ne5 27. b3 Nc6 28.
Kf4 Nd4 29. Rxd4 cxd4 30. c5 f6 31. fxe6+ Kxe6 32. Bf5+ Kd5 33. d7 Bxd7 34. Bxd7 Kxc5 35. Bf5 Kb4 36. h4 Kc3 37. Be4 d3 38. Bxb7 d2 39.
Bf3 Rd8 40. Kf5 d1=Q 41. Bxd1 Rxd1 42. Kxf6 Kb2 43. Kg6 Rd6+ 44. Kh7 Kxa2 45. g5 hxg5 46. hxg5 Kxb3 47. g6 a5 48. g7 Rd7 49. Kh8 Rxg7 50. Kxg7 a4 51. Kg6 a3 52. Kf6 a2 53. Kf5 a1=Q 0-1

[Event "*** Titled Tuesday Blitz"]
[Site "Chess.com"]
[Date "2019.01.01"]
[Round "3"]
[White "murmah2003"]
[Black "MatyChess1"]
[Result "1-0"]
[WhiteElo "2729"]
[BlackElo "2490"]
[TimeControl "180+2"]
[EndTime "13:35:04 PST"]
[Termination "murmah2003 won by resignation"]

1. d4 Nf6 2. c4 e6 3. Nf3 Bb4+ 4. Bd2 a5 5. a3 Bxd2+ 6. Qxd2 d6 7. Nc3 Nbd7 8. e4 e5 9. Bd3 exd4 10. Nxd4 Nc5 11. Bc2 a4 12. O-O O-O 13. f3 Re8 14. Rad1 Nfd7 15. Nd5 Ne5 16. Qc3 c6 17. Ne3 Qb6 18. Kh1 f6 19. Ndf5 Bxf5 20. Nxf5 Nf7 21. Nxd6 Nxd6 22.
Rxd6 Rad8 23. Rfd1 Rxd6 24. Rxd6 Rd8 25. Qb4 Qc7 26.
Rxd8+ Qxd8 27. Qxc5 Qd2 28. Bxa4 Qxb2 29. h3 Qc1+ 30.
Qg1 Qxa3 31. Qd1 Qc3 32. c5 Qxc5 33. Bb3+ 1-0

[Event "*** Titled Tuesday Blitz"]
[Site "Chess.com"]
[Date "2019.01.01"]
[Round "3"]
[White "Hieronymus00"]
[Black "Grieve72"]
[Result "0-1"]
[WhiteElo "2151"]
[BlackElo "2320"]
[TimeControl "180+2"]
[EndTime "13:35:04 PST"]
[Termination "Grieve72 won by resignation"]

1. e4 d6 2. d4 Nf6 3. Nc3 Nbd7 4. Nf3 e5 5. g4 d5 6. exd5 e4 7. Ng5 Bb4 8. Bc4 O-O 9. Bd2 Bxc3 10. bxc3 Nb6 11.
Be2 Qxd5 12. O-O Nc4 13. Bxc4 Qxc4 14. f3 exf3 15. Qxf3 Bxg4 16. Qxb7 Rae8 17. Rf2 h6 18. Nf3 Ne4 19. Ne5 Rxe5 20. dxe5 Nxf2 21. Qg2 Nh3+ 22.
Kh1 Rd8 23. Re1 Rxd2 0-1

[Event "*** Titled Tuesday Blitz"]
[Site "Chess.com"]
[Date "2019.01.01"]
[Round "3"]
[White "Lennis93"]
[Black "StoreySniper"]
[Result "0-1"]
[WhiteElo "2164"]
[BlackElo "2324"]
[TimeControl "180+2"]
[EndTime "13:35:08 PST"]
[Termination "StoreySniper won by checkmate"]

1. e4 c5 2. Nf3 d6 3. d4 cxd4 4. Nxd4 Nf6 5. Nc3 g6 6. Be3 a6 7. f3 Bg7 8. Qd2 Nbd7 9. Bc4 h5 10. O-O Ne5 11. Bb3 b5 12. a4 b4 13. Nd5 Nxd5 14. exd5 a5 15. f4 Ng4 16. Nc6 Qc7 17. Rae1 O-O 18. Bd4 e5 19. fxe5 dxe5 20. Bc5 Ba6 21.
Bxf8 Bxf8 22. Rf3 Bc5+ 23. Kh1 e4 24. d6 Qxc6 25. Rxf7 Kh8 26. h3 e3 27. Qd5 Nf2+ 28. Kg1 Qxd5 29. Bxd5 Rd8 30. d7 e2 31. Rxf2 Rxd7 32. Be4 Rd1 33. g3 Rxe1+ 34. Kg2 Bxf2 35. Bf3 Rg1+ 36. Kxf2 e1=Q# 0-1

[Event "*** Titled Tuesday Blitz"]
[Site "Chess.com"]
[Date "2019.01.01"]
[Round "3"]
[White "BartoszSocko"]
[Black "kjzsdu"]
[Result "1-0"]
[WhiteElo "2661"]
[BlackElo "2530"]
[TimeControl "180+2"]
[EndTime "13:35:10 PST"]
[Termination "BartoszSocko won by resignation"]

1. d4 d5 2. Nf3 Nf6 3. g3 Bf5 4. Bg2 c6 5. O-O h6 6. b3 e6 7. c4 Bd6 8. Nc3 O-O 9. Bb2 Nbd7 10. Nd2 Qe7 11. e4 dxe4 12. Ndxe4 Nxe4 13. Nxe4 Ba3 14. Bxa3 Qxa3 15. Qd2 Bxe4 16. Bxe4 Nf6 17. Bf3 Rad8 18. Rad1 Rd6 19. Qc3 Rfd8 20. Kg2 c5 21. dxc5 Rxd1 22. Rxd1 Rxd1 23. Bxd1 Qxc5 24. Bf3 b5 25. Qa5 g5 26.
Qxb5 Qd4 27. h3 e5 28. Bd5 Kg7 29. Qb7 Nxd5 30. Qxd5 Qb2 31. c5 Qe2 32. c6 e4 33. c7 Qc2 34. Qc4 1-0

[Event "*** Titled Tuesday Blitz"]
[Site "Chess.com"]
[Date "2019.01.01"]
[Round "3"]
[White "MikeSailer"]
[Black "Iyael"]
[Result "1-0"]
[WhiteElo "2121"]
[BlackElo "2148"]
[TimeControl "180+2"]
[EndTime "13:35:12 PST"]
[Termination "MikeSailer won by resignation"]

1. b4 e5 2. Bb2 Bxb4 3. Bxe5 Nf6 4. Nf3 d5 5. e3 O-O 6. Be2 Re8 7. O-O c6 8. c4 Bg4 9. Bb2 Nbd7 10. cxd5 Nxd5 11.
a3 Bf8 12. Nc3 N7f6 13. Nxd5 Nxd5 14. Qb3 Qe7 15. h3 Bh5 16. Nd4 Bxe2 17. Nxe2 Rab8 18. Nc3 Nf6 19. a4 Red8 20. d4 Qd7 21. Ba3 Qf5 22. Bxf8 Rxf8 23. a5 a6 24. Qb6 h5 25. Rac1 Rfe8 26. Na4 h4 27. Rc5 Nd5 28. Qb1 Qf6 29.
Nb6 Nxb6 30. Qxb6 Re7 31. Rb1 Rbe8 32. Qa7 g6 33. Rxb7 Rxe3 34. fxe3 Rxe3 35. Rc1 Re2 36. Rf1 Qg5 37. Qb8+ 1-0

[Event "*** Titled Tuesday Blitz"]
[Site "Chess.com"]
[Date "2019.01.01"]
[Round "3"]
[White "Kostya_Nikologorskiy"]
[Black "2nd_life"]
[Result "0-1"]
[WhiteElo "2358"]
[BlackElo "2387"]
[TimeControl "180+2"]
[EndTime "13:35:16 PST"]
[Termination "2nd_life won by resignation"]

1. d4 Nf6 2. c4 e6 3. g3 c5 4. Nf3 cxd4 5. Nxd4 d5 6. Nc3 e5 7. Nf3 d4 8. Nb1 Nc6 9. Bg2 Bb4+ 10.
Bd2 a5 11. O-O O-O 12. a3 Bc5 13. Bg5 h6 14. Bxf6 Qxf6 15. Nfd2 Qe7 16. Nb3 Ba7 17. N1d2 f5 18. Kh1 e4 19. f3 e3 20. Nb1 f4 21. g4 h5 22. gxh5 Qh4 23. c5 Rf5 24. Qe1 Qxh5 25. Nxa5 Rxc5 26. Nxc6 Rxc6 27. a4 Rh6 28. h4 d3 29. exd3 e2 30. Rg1 Qxh4+ 0-1

[Event "*** Titled Tuesday Blitz"]
[Site "Chess.com"]
[Date "2019.01.01"]
[Round "3"]
[White "BillCoe"]
[Black "julinha97"]
[Result "0-1"]
[WhiteElo "1997"]
[BlackElo "2119"]
[TimeControl "180+2"]
[EndTime "13:35:17 PST"]
[Termination "julinha97 won by resignation"]

1. e4 c5 2. Nf3 d6 3. d4 cxd4 4. Nxd4 Nf6 5. Nc3 g6 6. f3 Bg7 7. Be3 O-O 8. Qd2 Nc6 9. O-O-O d5 10. Kb1 Rb8 11. g4 e5 12. exd5 Nxd4 13. Bxd4 exd4 14.
Qxd4 Nxg4 15. Qc5 b6 16. Qg1 Ne5 17. f4 Ng4 18. h3 Nf6 19. d6 Bf5 20. Bd3 Bxd3 21.
Rxd3 Qd7 22. Qf2 b5 23. a3 a5 24. Rhd1 b4 25. axb4 axb4 26. Ne2 Ne4 27. Qf3 Nc3+ 28. Nxc3 bxc3 29. b3 Qa7 30. d7 Qa3 31. Rxc3 Bxc3 32.
Qxc3 Ra8 33. f5 Rfd8 34. fxg6 Qa2+ 35. Kc1 Qa1+ 36. Qxa1 Rxa1+ 37. Kb2 Rxd1 38. gxh7+ Kxh7 0-1

[Event "*** Titled Tuesday Blitz"]
[Site "Chess.com"]
[Date "2019.01.01"]
[Round "3"]
[White "fmshawnrl123"]
[Black "G_Threepwood"]
[Result "1-0"]
[WhiteElo "2508"]
[BlackElo "2488"]
[TimeControl "180+2"]
[EndTime "13:35:19 PST"]
[Termination "fmshawnrl123 won by resignation"]

1. e4 g6 2. g3 Bg7 3. Bg2 d6 4. Nc3 e5 5. d3 Nc6 6. Be3 Nf6 7. h3 Be6 8. Nge2 d5 9. exd5 Nxd5 10. Nxd5 Bxd5 11. O-O Bxg2 12. Kxg2 O-O 13. Qd2 Qd5+ 14.
Kg1 Rad8 15. Rad1 Qxa2 16. Ra1 Qe6 17. Kh2 a6 18. Rfe1 Rfe8 19. Ra3 Qd6 20. Rb3 b6 21. Nc3 a5 22. Ne4 Qe6 23. Rb5 f5 24. Ng5 Qd7 25. Qc3 Re7 26. Qc4+ Kh8 27. Qh4 h5 28. Nf3 Nd4 29.
Bxd4 Qxb5 30. Qxe7 Rxd4 31. Nxd4 exd4 32. Qf7 Qc6 33.
Re8+ Kh7 34. Re6 1-0

[Event "*** Titled Tuesday Blitz"]
[Site "Chess.com"]
[Date "2019.01.01"]
[Round "3"]
[White "RajdeepS"]
[Black "Alopekos"]
[Result "1-0"]
[WhiteElo "2516"]
[BlackElo "2473"]
[TimeControl "180+2"]
[EndTime "13:35:20 PST"]
[Termination "RajdeepS won by resignation"]

1. Nf3 Nf6 2. d4 e6 3. g3 d5 4. Bg2 Be7 5. O-O O-O 6. c4 dxc4 7. Qc2 b5 8. a4 b4 9. Qxc4 Ba6 10. Qc2 Nbd7 11. Ne5 Nxe5 12. Bxa8 Qxd4 13. Bg2 c5 14. Be3 Qc4 15. Rc1 Qxe2 16. Qxe2 Bxe2 17. Bxc5 Nd3 18. Bxe7 Nxc1 19. Bxf8 Nb3 20. Bxb4 Nxa1 21. Nd2 Nd5 22. Bc5 a5 23. Bf1 Bd1 24. Bb5 Nb3 25.
Nxb3 Bxb3 26. Kf1 e5 27. Ke2 e4 28. Kd2 f5 29. Bd4 Kf7 30. Bc3 Nxc3 31. Kxc3 Ke6 32.
Kxb3 1-0

[Event "*** Titled Tuesday Blitz"]
[Site "Chess.com"]
[Date "2019.01.01"]
[Round "3"]
[White "sandager"]
[Black "Shivagami"]
[Result "0-1"]
[WhiteElo "1998"]
[BlackElo "2140"]
[TimeControl "180+2"]
[EndTime "13:35:21 PST"]
[Termination "Shivagami won by resignation"]

1. e4 Nc6 2. d4 e5 3. d5 Nce7 4. c4 Ng6 5. Be3 Nf6 6. Qc2 d6 7. h3 Be7 8. Nf3 O-O 9. Bd3 c6 10. Nc3 Nh5 11. g3 Bd7 12. O-O-O a6 13. Kb1 c5 14. Ne2 b5 15. Nd2 Rb8 16. f4 exf4 17. gxf4 Bf6 18. Rdg1 Bxb2 19. Kxb2 bxc4+ 20. Ka1 cxd3 21. Qxd3 Bb5 22. Nc4 Qf6+ 23. e5 dxe5 24. Qc3 Bxc4 25. f5 Bxe2 26. fxg6 fxg6 27. Rg4 Bxg4 28. hxg4 Nf4 29.
Bxc5 Rfc8 30. d6 e4 31. Qxf6 gxf6 32. Bd4 0-1

[Event "*** Titled Tuesday Blitz"]
[Site "Chess.com"]
[Date "2019.01.01"]
[Round "3"]
[White "Nathan_Filgueiras"]
[Black "catalin009"]
[Result "1-0"]
[WhiteElo "2340"]
[BlackElo "2415"]
[TimeControl "180+2"]
[EndTime "13:35:22 PST"]
[Termination "Nathan_Filgueiras won on time"]

1. e4 e5 2. Nf3 Nc6 3. Bc4 Bc5 4. O-O Nf6 5. d3 a6 6. Bb3 Ba7 7. Re1 h6 8. Nbd2 d6 9. c3 Be6 10. Bc2 Qd7 11. Nf1 O-O-O 12. b4 g5 13. a4 g4 14. N3d2 d5 15. b5 Nb8 16. exd5 Nxd5 17.
Nc4 Nxc3 18. Qd2 Bxc4 19. dxc4 Qd4 20. Bf5+ Nd7 21. Bb2 Kb8 22. Bxc3 Qxc4 23. Bxd7 f6 24. Rad1 Qf7 25. Qd5 Qe7 26. Ne3 1-0

[Event "*** Titled Tuesday Blitz"]
[Site "Chess.com"]
[Date "2019.01.01"]
[Round "3"]
[White "LawrenceTrent"]
[Black "Anahita_Gholami"]
[Result "1-0"]
[WhiteElo "2523"]
[BlackElo "2695"]
[TimeControl "180+2"]
[EndTime "13:35:28 PST"]
[Termination "LawrenceTrent won by resignation"]

1. d4 Nf6 2. Bg5 Ne4 3. Bf4 c5 4. f3 Nf6 5. dxc5 Qa5+ 6. Nc3 Qxc5 7. e4 g6 8. Qd2 Bg7 9. O-O-O O-O 10. h4 d6 11. g4 b5 12. Be3 Qc6 13. Bxb5 Qb7 14. Bc4 Nc6 15. h5 Rb8 16. Bb3 Ne5 17. hxg6 hxg6 18.
Bh6 Nc4 19. Qh2 Nh5 20. Bxg7 Kxg7 21. gxh5 Rh8 22. h6+ Kf8 23. Qf4 Be6 24. Nge2 Ne5 25. Bxe6 Qxb2+ 26. Kd2 g5 27. Qf5 Qa3 28. Bb3 Qc5 29.
Rdf1 a5 30. f4 gxf4 31. Nxf4 Ke8 32. Nd3 Nxd3 33. cxd3 Qb4 34. Ba4+ 1-0

[Event "*** Titled Tuesday Blitz"]
[Site "Chess.com"]
[Date "2019.01.01"]
[Round "3"]
[White "LucaBrasi1968"]
[Black "mersad_98"]
[Result "0-1"]
[WhiteElo "2406"]
[BlackElo "2642"]
[TimeControl "180+2"]
[EndTime "13:35:31 PST"]
[Termination "mersad_98 won by resignation"]

1. d4 d5 2. Nf3 Nf6 3. Bg5 Ne4 4. Bf4 c6 5. Nbd2 Bf5 6. Nxe4 Bxe4 7. c3 Nd7 8. e3 Qb6 9. Qb3 a5 10. Be2 a4 11. Qxb6 Nxb6 12. O-O f6 13. Nd2 Bg6 14. c4 Bf7 15. c5 Nd7 16. b4 e5 17. Bg3 h5 18. h4 b5 19. cxb6 Bxb4 20. Rfd1 Ke7 21. dxe5 fxe5 22. Nf3 Bd6 23. Rdc1 c5 24. Bb5 Nxb6 25.
Bxe5 c4 26. Bxg7 Rhg8 27. Bd4 Rab8 28. Ng5 Bg6 29. Bc6 Rgc8 30. Bxb6 Rxb6 31. Bxd5 Be5 32. Nf3 Bxa1 33. Rxa1 Rb1+ 34. Rxb1 Bxb1 0-1

[Event "*** Titled Tuesday Blitz"]
[Site "Chess.com"]
[Date "2019.01.01"]
[Round "3"]
[White "Zenzo"]
[Black "Alexander_Donchenko"]
[Result "0-1"]
[WhiteElo "2530"]
[BlackElo "2651"]
[TimeControl "180+2"]
[EndTime "13:35:36 PST"]
[Termination "Alexander_Donchenko won by resignation"]

1. e4 e5 2. Nf3 Nf6 3. Nxe5 d6 4.
Nf3 Nxe4 5. Nc3 Nxc3 6. dxc3 Be6 7. Be3 Nc6 8. Qd2 Qd7 9. O-O-O O-O-O 10. Kb1 a6 11. g3 Bg4 12. Bg2 Ne5 13. Nxe5 dxe5 14. Qxd7+ Rxd7 15. Rxd7 Bxd7 16. Rd1 Bd6 17. c4 Rd8 18. c5 Be7 19. Kc1 c6 20. b4 Rf8 21.
f4 Bg4 22. Rd2 Bf6 23. a3 Re8 24. Rf2 exf4 25. Rxf4 Rxe3 26. Rxg4 Rxa3 27. Re4 Kc7 28. Bh3 Bc3 29. Kd1 Ra1+ 30. Ke2 Re1+ 31. Kd3 Rxe4 32.
Kxe4 Bxb4 33. Kd4 g6 34. g4 a5 35. Kc4 Bd2 36. Bg2 a4 37. c3 a3 38. Kb3 Bc1 39.
Bf1 Kd7 40. Bc4 Ke7 41. h3 f5 42. Bg8 f4 43. Bxh7 Kf7 44. h4 Kg7 0-1

[Event "*** Titled Tuesday Blitz"]
[Site "Chess.com"]
[Date "2019.01.01"]
[Round "3"]
[White "KRASAVCHIK2002"]
[Black "m3alam"]
[Result "1-0"]
[WhiteElo "2268"]
[BlackElo "2132"]
[TimeControl "180+2"]
[EndTime "13:35:45 PST"]
[Termination "KRASAVCHIK2002 won by resignation"]

1. Nf3 c6 2. g3 d5 3. Bg2 Bg4 4. O-O Nd7 5. b3 e5 6. d3 Bd6 7. Bb2 Ngf6 8. Nbd2 Qe7 9. c4 Ba3 10. Bxa3 Qxa3 11. h3 Bh5 12. cxd5 cxd5 13. e4 dxe4 14. dxe4 Bxf3 15. Bxf3 O-O 16. Nc4 Qe7 17. Qd6 Qxd6 18. Nxd6 b6 19. Nc4 Rfe8 20. Rad1 Nc5 21. Bg2 Ncxe4 22.
Nd6 Nxd6 23. Bxa8 Nf5 24. Bc6 Rc8 25. Bd7 Nxd7 26. Rxd7 Nd4 27. Rxa7 g5 28. Kg2 h5 29. Re1 f6 30. Re3 Rc2 31. a4 g4 32. hxg4 hxg4 33. b4 Rb2 34. a5 Rxb4 35. a6 Rb1 36. Rc3 1-0

[Event "*** Titled Tuesday Blitz"]
[Site "Chess.com"]
[Date "2019.01.01"]
[Round "3"]
[White "Fins0905"]
[Black "penguingm1"]
[Result "0-1"]
[WhiteElo "2577"]
[BlackElo "2820"]
[TimeControl "180+2"]
[EndTime "13:35:48 PST"]
[Termination "penguingm1 won by checkmate"]

1. d4 Nf6 2. c4 e6 3. Nc3 d5 4.
cxd5 exd5 5. Bg5 Be7 6. e3 c6 7. Bd3 Nbd7 8. Nf3 Ne4 9. Bxe7 Qxe7 10. Bxe4 dxe4 11. Nd2 f5 12. O-O Nf6 13. Qc2 O-O 14. Rab1 Be6 15. b4 a6 16. Na4 h6 17. a3 Rae8 18. Qc5 Qf7 19. Nb6 Qg6 20. Ndc4 f4 21. Ne5 Qg5 22. exf4 Qxf4 23. Ng6 Qg4 24. Nxf8 Rxf8 25.
Rbe1 Nh5 26. Re3 Nf4 27. g3 Nh3+ 28. Kg2 Ng5 29. f4 exf3+ 30. Kh1 Qh3 31. Rf2 Qg2+ 32.
Rxg2 fxg2+ 33. Kxg2 Bh3+ 34. Kg1 Rf1# 0-1

[Event "*** Titled Tuesday Blitz"]
[Site "Chess.com"]
[Date "2019.01.01"]
[Round "3"]
[White "JSMastropiero"]
[Black "Maikrosoft63"]
[Result "1-0"]
[WhiteElo "2275"]
[BlackElo "2471"]
[TimeControl "180+2"]
[EndTime "13:35:50 PST"]
[Termination "JSMastropiero won by resignation"]

1. d4 Nf6 2. c4 e6 3. g3 c5 4. d5 exd5 5. cxd5 b5 6. Nf3 Bb7 7. e4 b4 8. Nbd2 d6 9. Bd3 Nbd7 10. O-O g6 11. Nc4 Nb6 12. Na5 Bc8 13. Nc6 Qc7 14.
Re1 Bg7 15. e5 dxe5 16. Rxe5+ Kf8 17. Bf4 Qd7 18. Qc2 Bb7 19. Qxc5+ Kg8 20. Ne7+ Kf8 21. Nxg6+ Kg8 22. Ne7+ Kf8 23. Nf5+ Kg8 24. Nxg7 Nbxd5 25. Bh6 Nf4 26. Nh5 N6xh5 27. Rg5+ Ng6 28. Rxh5 Bxf3 29. Rg5 Qxd3 30. Qe5 f6 31. Qe7 Qd7 32. Qxd7 1-0

[Event "*** Titled Tuesday Blitz"]
[Site "Chess.com"]
[Date "2019.01.01"]
[Round "3"]
[White "KenanGarayev"]
[Black "Kirill_Klukin"]
[Result "1-0"]
[WhiteElo "2844"]
[BlackElo "2598"]
[TimeControl "180+2"]
[EndTime "13:35:53 PST"]
[Termination "KenanGarayev won by resignation"]

1. d4 Nf6 2. c4 g6 3. Nc3 Bg7 4. e4 d6 5. f4 O-O 6. Nf3 c5 7. d5 e6 8. Be2 exd5 9. cxd5 Re8 10. e5 Ng4 11. h3 Nh6 12. O-O a6 13. Bd3 Nd7 14.
Ne4 dxe5 15. Nd6 Rf8 16. Re1 c4 17. Nxc4 exf4 18. Bxf4 Nc5 19. Bf1 Nf5 20. Rc1 Bd7 21.
Qd2 b5 22. Nce5 Rc8 23. g4 Nd6 24. Qb4 Ndb7 25. Nd4 Qf6 26. Ndc6 Rfe8 27. Nxd7 Qxb2 28. Qxb2 Bxb2 29. Rxe8+ Rxe8 30. Rxc5 Nxc5 31. Nxc5 Re1 32. d6 Rd1 33. d7 Bf6 34. Ne4 1-0

[Event "*** Titled Tuesday Blitz"]
[Site "Chess.com"]
[Date "2019.01.01"]
[Round "3"]
[White "TBergh98"]
[Black "Jbd735"]
[Result "1/2-1/2"]
[WhiteElo "2268"]
[BlackElo "2491"]
[TimeControl "180+2"]
[EndTime "13:35:54 PST"]
[Termination "Game drawn by agreement"]

1. Nf3 d5 2. c4 c6 3. cxd5 cxd5 4. d4 Nf6 5. Nc3 Nc6 6. Bf4 Ne4 7.
e3 Nxc3 8. bxc3 e6 9. Be2 Bd6 10. Bg3 O-O 11. O-O Bxg3 12. hxg3 b6 13. c4 Bb7 14. Nd2 dxc4 15. Nxc4 Qe7 16. Bf3 Nb4 17. Bxb7 Qxb7 18. Qb3 Nc6 19. a4 Rfd8 20. Rfb1 Qc7 21. a5 Nxa5 22. Nxa5 bxa5 23. Qb7 Qxb7 24. Rxb7 Rd5 25.
Ra4 g5 26. e4 Rd6 27. f3 h6 28. Kf2 Rb6 29. Rc7 Ra6 30. Rc5 Rb8 31. Rcxa5 Rb2+ 32. Kg1 Rc6 33. Ra2 Rc1+ 34. Kh2 Rxa2 35. Rxa2 Rd1 36. Rxa7 Rxd4 37. g4 Kg7 38. Kg3 Rd2 39. Rc7 Ra2 40. Rb7 Kg6 41. Rb6 Rc2 1/2-1/2

[Event "*** Titled Tuesday Blitz"]
[Site "Chess.com"]
[Date "2019.01.01"]
[Round "3"]
[White "michaelq2d5"]
[Black "Rakhmanov_Aleksandr"]
[Result "0-1"]
[WhiteElo "2754"]
[BlackElo "2803"]
[TimeControl "180+2"]
[EndTime "13:35:55 PST"]
[Termination "Rakhmanov_Aleksandr won by resignation"]

1. d4 Nf6 2. c4 d6 3. Nf3 g6 4.
Nc3 Bf5 5. h3 Bg7 6. g4 Bd7 7.
e4 O-O 8. Be3 Nc6 9. Bg2 e5 10.
d5 Ne7 11. g5 Nh5 12. c5 Nf4 13. Bxf4 exf4 14. cxd6 cxd6 15. Qd2 f5 16. gxf6 Bxf6 17.
O-O g5 18. Nh2 Ng6 19. Ng4 Bg7 20. Qe2 f3 21. Bxf3 Nf4 22. Qe3 h5 23. Nh2 Nxh3+ 24.
Kh1 g4 25. Bg2 Nf4 26. Rfe1 Be5 27. Kg1 Qh4 28. Nf1 Nxg2 29. Kxg2 Rf3 30. Qd2 Raf8 31. Re2 Rh3 32. Re3 Rff3 33. Nd1 Rh1 34. Rxf3 gxf3+ 35. Kxf3 Qg4+ 36. Ke3 Bf4+ 37. Kd3 Bb5+ 38. Kc2 Bxd2 39. Nxd2 Qe2 40. a4 Bd3+ 41. Kc3 Rxd1 42. Rxd1 Qxd1 43. Kxd3 h4 44. Ke3 h3 45. Nf3 Qxa4 46. Kf4 Qb4 47. b3 Qxb3 48. Kg4 Qc3 49. Nh2 a5 50. f3 a4 51.
Kxh3 a3 52. Ng4 a2 53. Nh6+ 0-1